Map: Thunderbird LE

Players

BlyOnFire (Bly)

  • Race: Zerg Zerg
  • League: Grandmaster
  • Spawn Location: 11:00

Neeblet (Neeb) - Winner!

  • Race: Protoss Protoss
  • League: Master
  • Spawn Location: 5:00

Event: NationWars 2019

VOD

Have the link to the VOD?

Description

Time

  • Played on: Nov. 12, 2019, 12:14 p.m.
  • Length: 9:40

All games in this series

Show
View Real Time Build Order
Export as new Build Order

BlyOnFire Zerg 

Build Orders: Hatch First, Ravager All-In 

Get SALT Encoding   

  12  0:01  Drone  
  13  0:12  Overlord  
  13  0:17  Drone  
  14  0:31  Drone x2  
  16  0:50  Hatchery  
  16  0:53  Drone  
  17  0:57  Drone  
  17  1:00  Drone  
  18  1:12  Extractor  
  18  1:15  Spawning Pool  
  18  1:17  Drone  
  17  1:20  Drone  
  18  1:28  Drone  
  19  1:39  Drone  
  20  1:45  Extractor  
  19  1:51  Drone  
  20  2:02  Roach Warren, Queen x2  
  20  2:07  Drone  
  24  2:12  Drone  
  24  2:13  Drone  
  26  2:19  Metabolic Boost  
  26  2:25  Overlord  
  27  2:30  Zergling x2  
  27  2:32  Zergling x2  
  28  2:45  Zergling x4  
  28  2:46  Roach  
  32  2:56  Roach x2  
  35  3:08  Overlord x2  
  35  3:15  Ravager  
  36  3:35  Roach x3  
  36  3:40  Zergling x8  
  46  3:43  Ravager x2  
  48  3:49  Zergling x4  
  47  4:00  Roach x2  
  50  4:03  Overlord  
  46  4:24  Zergling x10  
  41  4:41  Zergling x2  
  38  4:48  Drone  
  38  4:49  Drone  
  38  4:58  Ravager x4  
  42  5:09  Roach  
  42  5:10  Roach  
  42  5:12  Zergling x2  
  47  5:18  Zergling x2  
  46  5:33  Zergling x10  
  51  5:41  Drone x2  
  51  5:56  Drone x2  
  51  5:57  Drone  
  54  6:07  Ravager  
  54  6:09  Ravager  
  56  6:12  Zergling x8  
  56  6:17  Overlord  
  58  6:38  Zergling x14  
  62  6:43  Drone  
  62  6:46  Roach  
  65  6:49  Roach  
  64  7:04  Overlord  
  64  7:05  Overlord  
  64  7:06  Drone  
  65  7:10  Roach  
  67  7:31  Roach x3  
  70  7:55  Zergling x16  
  71  8:07  Ravager x4  
  75  8:15  Zergling x2  
  75  8:16  Overlord x3  
  76  8:28  Overlord  
  75  8:40  Roach x4  
  83  8:41  Ravager  
  69  9:00  Zergling x6  
  69  9:01  Zergling x4  
  65  9:17  Roach x3  
Show
View Real Time Build Order
Export as new Build Order

Neeblet Protoss - Winner!

Build Orders: 1 Gate Expand 

Get SALT Encoding   

  12  0:00  Probe  
  13  0:12  Probe  
  14  0:17  Pylon  
  14  0:24  Probe  
  15  0:35  Gateway  
  15  0:38  Probe (Chrono Boost)  
  16  0:48  Assimilator  
  16  0:49  Probe (Chrono Boost)  
  17  0:53  Probe (Chrono Boost)  
  18  1:01  Gateway  
  18  1:05  Probe  
  19  1:22  Cybernetics Core  
  19  1:39  Nexus  
  19  1:45  Pylon  
  19  1:58  Adept x2 (Chrono Boost)  
  23  2:03  Warp Gate  
  23  2:04  Probe  
  24  2:19  Adept (Chrono Boost)  
  24  2:20  Adept (Chrono Boost)  
  28  2:23  Assimilator  
  28  2:26  Probe  
  29  2:35  Pylon  
  29  2:38  Probe  
  30  2:51  Stalker  
  32  2:54  Stalker  
  32  2:57  Shield Battery  
  34  3:09  Shield Battery  
  34  3:21  Stalker  
  34  3:24  Stalker  
  36  3:41  Probe x2  
  38  3:43  Robotics Facility  
  38  3:53  Probe  
  39  3:59  Probe  
  39  4:00  Adept  
  40  4:04  Shield Battery  
  40  4:06  Sentry  
  40  4:07  Shield Battery  
  40  4:08  Probe  
  43  4:12  Probe  
  44  4:21  Probe  
  44  4:24  Stalker  
  45  4:31  Stalker  
  45  4:34  Probe x2  
  45  4:44  Immortal (Chrono Boost)  
  39  4:48  Probe  
  39  4:49  Probe  
  39  4:52  Stalker  
  47  5:01  Probe  
  47  5:03  Stalker  
  47  5:04  Shield Battery  
  47  5:05  Probe  
  51  5:22  Pylon  
  51  5:25  Immortal (Chrono Boost)  
  53  5:37  Pylon  
  53  5:38  Probe  
  53  5:40  Zealot x2  
  58  5:43  Shield Battery  
  58  5:46  Shield Battery  
  59  5:50  Probe  
  59  5:51  Probe  
  59  5:56  Sentry, Shield Battery  
  60  5:57  Sentry  
  60  6:02  Shield Battery  
  60  6:03  Warp Prism (Chrono Boost)  
  64  6:13  Probe  
  64  6:14  Probe  
  64  6:17  Pylon  
  64  6:18  Sentry, Zealot  
  70  6:36  Immortal (Chrono Boost)  
  76  6:40  Zealot  
  76  6:43  Pylon  
  76  6:45  Gateway  
  76  6:47  Gateway  
  76  6:54  Zealot x4  
  76  7:04  Zealot x2  
  78  7:11  Immortal (Chrono Boost), Shield Battery x2  
  78  7:13  Gateway  
  82  7:15  Pylon  
  82  7:16  Shield Battery  
  78  7:37  Zealot x2  
  78  7:41  Immortal (Chrono Boost)  
  86  7:48  Zealot  
  86  7:49  Zealot  
  86  8:09  Gateway  
  86  8:11  Gateway, Immortal (Chrono Boost)  
  86  8:13  Gateway  
  86  8:15  Cybernetics Core  
  86  8:18  Pylon  
  90  8:27  Pylon  
  90  8:38  Pylon  
  90  8:41  Pylon x2  
  78  9:05  Zealot x5  
  78  9:08  Zealot  
  72  9:26  Zealot x5  
Tags
 
Add a new tag
Caveats
  • Supply blocks, unpowered buildings, or Contaminate may cause inaccurate times.
  • Supply counts are checked every 10 seconds.